 Dungeon Crawl Stone Soup version 0.31-a0-202-g547052bce9 (webtiles) character file.

Game seed: 10412697964160440346

73 qw the Shooter (level 4, 0/25 HPs)
             Began as a Deep Elf Hunter on June 26, 2023.
             Slain by an iguana (8 damage)
             ... on level 3 of the Dungeon.
             The game lasted 00:00:48 (2332 turns).

qw the Shooter (Deep Elf Hunter)                    Turns: 2332, Time: 00:00:48

Health: 0/25       AC:  5    Str: 10    XL:     4   Next: 8%
Magic:  6/6        EV: 11    Int: 14    God:
Gold:   80         SH:  0    Dex: 18    Spells: 3/3 levels left

rFire   . . .        Y - +0 shortbow
rCold   . . .        (shield currently unavailable)
rNeg    . . .        b - +0 ring mail
rPois   .            (no helmet)
rElec   .            (no cloak)
rCorr   .            (no gloves)
SInv    .            (no boots)
Will    .....        (no amulet)
Stlth   +            (no ring)
HPRegen 0.24/turn    (no ring)
MPRegen 0.10/turn

%: no passive effects
@: no status effects
A: no striking features
a: no special abilities


You were on level 3 of the Dungeon.
You visited 1 branch of the dungeon, and saw 3 of its levels.

You collected 80 gold pieces.


   Skills:
 - Level 1.5 Fighting
 + Level 7.5 Ranged Weapons
 - Level 2.4 Dodging
 - Level 1.2 Stealth


You had 3 spell levels left.
You didn't know any spells.
Your spell library was empty.

Inventory:

Hand Weapons
 Y - a +0 shortbow (weapon)
Armour
 b - a +0 ring mail (worn)
 h - a +4 ring mail
Jewellery
 g - an amulet of guardian spirit
Scrolls
 a - 3 scrolls of teleportation
 e - 2 scrolls of identify
Potions
 c - a potion of haste {unknown}
 d - a potion of heal wounds
 f - a potion of mutation {unknown}

Dungeon Overview and Level Annotations

Branches:
Dungeon (3/15)

Altars:

Annotations:
D:1 1 runed translucent door


Message History

h - a +4 ring mail
Things that are here:
a +2 flail of protection; an orc corpse You see here a +1 mace of protection.
Enter note:
Enter note:
Enter note: An iguana comes into view.
Enter note:
Enter note:
Enter note:
Enter note: You shoot an arrow.
The arrow hits the iguana.
The iguana is moderately wounded.
You shoot an arrow. The arrow hits the iguana.
The iguana is severely wounded.
You shoot an arrow. The arrow hits the iguana.
The iguana is severely wounded.
You shoot an arrow. The arrow hits the iguana.
The iguana is almost dead.
You shoot an arrow. The arrow barely misses the iguana.
The iguana bites you. The iguana barely misses you.
You shoot an arrow. The arrow barely misses the iguana.
The iguana barely misses you.
You shoot an arrow.
The arrow hits the iguana but does no damage.
The iguana is almost dead.
The iguana bites you.
You shoot an arrow. The arrow barely misses the iguana.
The iguana closely misses you.
You shoot an arrow.
The arrow hits the iguana but does no damage.
The iguana is almost dead.
The iguana bites you!
You shoot an arrow. The arrow hits the iguana.
The iguana is almost dead.
The iguana closely misses you.
You shoot an arrow. The arrow barely misses the iguana.
The iguana barely misses you. The iguana bites you!
You die...

##.............#
###..####....### #
#..# #....# . ###..#
#...)# .. . .....#
#....# ... #### ###..#
#....# .... .... #..#
#....# ..... ....
#..#############......
....
#.............@l......
####
#.....................
.
##..............####.#
#)############## #.#
#....# #.# #....# #.#
#....# #.# #....#


You could see an iguana.

Vanquished Creatures
  An adder (D:2)
  5 orcs (D:3)
  4 ball pythons
  9 bats
  9 endoplasms
  A giant cockroach (D:2)
  6 goblins
  A hobgoblin (D:1)
  3 jackals (D:1)
  2 quokkas (D:2)
  6 frilled lizards
  3 kobolds
  5 rats
55 creatures vanquished.

Notes
Turn   | Place    | Note
-------+----------+-------------------------------------------
     0 | D:1      | qw the Deep Elf Hunter began the quest for the Orb.
     0 | D:1      | Reached XP level 1. HP: 12/12 MP: 3/3
     0 | D:1      | 0 ||| qw: Version: 0.3-a-22-g0ed2b0b
     0 | D:1      | 0 ||| qw: Game counter: 6039
     0 | D:1      | 0 ||| qw: Melee chars always use a shield: true
     0 | D:1      | 0 ||| qw: God list: Okawaru
     0 | D:1      | 0 ||| qw: Allow faded altars: false
     0 | D:1      | 0 ||| qw: Do Orc after clearing Dungeon:15 true
     0 | D:1      | 0 ||| qw: Do second Lair branch before Depths: true
     0 | D:1      | 0 ||| qw: Lair rune preference: random
     0 | D:1      | 0 ||| qw: Goals: Normal
     0 | D:1      | 0 ||| PLANNING D:1-11
     0 | D:1      | Noticed a jelly
     1 | D:1      | Found a runed translucent door.
     2 | D:1      | Noticed a jelly
   104 | D:1      | Reached XP level 2. HP: 16/16 MP: 4/4
   108 | D:1      | Reached skill level 6 in Ranged Weapons
   537 | D:1      | Reached XP level 3. HP: 20/20 MP: 5/5
   694 | D:1      | 694 ||| READING 3 scrolls labelled YCZAUTI UTOSS.
   719 | D:1      | 719 ||| READING scroll labelled EDGHUM ZAJE.
   720 | D:1      | 720 ||| READING scroll labelled BOUPSE VOSIT.
   721 | D:1      | 721 ||| DRINKING 2 viscous yellow potions.
   722 | D:1      | 722 ||| DROPPING scroll of butterflies.
   723 | D:1      | 723 ||| DROPPING potion of attraction.
   832 | D:2      | Reached skill level 7 in Ranged Weapons
  1394 | D:2      | You fall into a shaft and drop 1 floor!
  1420 | D:3      | 1420 ||| READING 3 scrolls labelled WEUWEOQ GURON.
  1421 | D:3      | 1421 ||| READING 2 scrolls of identify.
  1421 | D:3      | 1421 ||| IDENTIFYING pink potion
  1422 | D:3      | 1422 ||| DROPPING potion of brilliance.
  1747 | D:2      | 1747 ||| UPGRADING to +0 ring mail.
  1757 | D:2      | 1757 ||| DROPPING +0 leather armour.
  1871 | D:3      | 1871 ||| READING 2 scrolls of identify.
  1871 | D:3      | 1871 ||| IDENTIFYING glowing orange potion
  2234 | D:3      | Reached XP level 4. HP: 25/25 MP: 6/6
  2236 | D:3      | 2236 ||| FLEEEEING.
  2237 | D:3      | 2237 ||| FLEEEEING.
  2238 | D:3      | 2238 ||| FLEEEEING.
  2239 | D:3      | 2239 ||| FLEEEEING.
  2240 | D:3      | 2240 ||| FLEEEEING.
  2241 | D:3      | 2241 ||| FLEEEEING.
  2242 | D:3      | 2242 ||| FLEEEEING.
  2243 | D:3      | 2243 ||| FLEEEEING.
  2244 | D:3      | 2244 ||| FLEEEEING.
  2245 | D:3      | 2245 ||| FLEEEEING.
  2246 | D:3      | 2246 ||| FLEEEEING.
  2247 | D:3      | 2247 ||| FLEEEEING.
  2248 | D:3      | 2248 ||| FLEEEEING.
  2332 | D:3      | Slain by an iguana

Levels and vault maps discovered:
D:1:      dpeg_arrival_caged_fury, layout_basic
D:2:      layout_basic
D:3:      gammafunk_wand_slinger, layout_basic, serial_co_window_serial,
          co_window_of_opportunity_a, co_window_paths_b, co_window_paths_a,
          co_window_paths_a, co_window_paths_a, co_window_unsneaky_path_c,
          co_window_unsneaky_path_e, co_window_2corner,
          co_window_unsneaky_path_e, co_window_paths_e, co_window_4corner_b,
          glass_columns_a, glass_columns_c, glass_columns_a

Skill      XL: |  1  2  3 |
---------------+----------+-----
Ranged Weapons | 6 7 |  7.5
Fighting       | |  1.5
Dodging        | |  2.4
Stealth        | |  1.2

Action                     |  1- 3 |  4- 6 || total
---------------------------+-------+-------++-------
   Fire: Shortbow          |   135 |    21 ||   156
    Use: Scroll            |     6 |       ||     6
         Potion            |     1 |       ||     1
 Armour: Leather armour    |    15 |       ||    15
  Dodge: Dodged            |    25 |     7 ||    32

Table legend:
 A = Non-vault XP
 B = Vault XP
 C = Vault XP percentage of total XP
 D = Non-vault monster count
 E = Vault monster count
 F = Vault count percentage of total count
                 A         B        C        D         E       F
            +---------+---------+-------+---------+---------+-------
      Total |     105 |       0 |   0.0 |      55 |       0 |   0.0
            +---------+---------+-------+---------+---------+-------
        D:1 |      45 |       0 |   0.0 |      28 |       0 |   0.0
        D:2 |      43 |       0 |   0.0 |      20 |       0 |   0.0
        D:3 |      17 |       0 |   0.0 |       7 |       0 |   0.0
            +---------+---------+-------+---------+---------+-------
